 Dungeon Crawl Stone Soup version 0.29-a0-284-gf9362112df (webtiles) character file.

Game seed: 14140439368537447554

249 Ijustatesigmund the Chopper (level 5, 0/47 HPs)
             Began as a Minotaur Monk on Mar 15, 2022.
             Slain by a gnoll
             ... wielding the +7 spear of Ashru {vorpal, Int+2}
              (3 damage)
             ... on level 2 of the Dungeon.
             The game lasted 00:02:16 (1146 turns).

Ijustatesigmund the Chopper (Minotaur Monk)         Turns: 1146, Time: 00:02:17

Health: 0/47       AC:  3    Str: 16    XL:     5   Next: 87%
Magic:  0/4        EV: 12    Int:  7    God:
Gold:   50         SH:  4    Dex: 12    Spells: 4/4 levels left

rFire   . . .      SeeInvis .   a - +0 hand axe
rCold   . . .      Faith    .   (no shield)
rNeg    . . .      Spirit   +   b - +0 robe
rPois   .          Reflect  .   (helmet restricted)
rElec   .          Harm     .   g - +0 cloak
rCorr   .          Rampage  .   (no gloves)
Will    .....                   (no boots)
Stlth   ++........              j - amulet of guardian spirit
HPRegen 0.15/turn               (no ring)
MPRegen 0.09/turn               (no ring)

@: flying
A: horns 2, retaliatory headbutt, large bone plates 1, weak 1, wild magic 1
a: no special abilities


You were on level 2 of the Dungeon.
You visited 1 branch of the dungeon, and saw 2 of its levels.

You collected 50 gold pieces.

Inventory:

Hand Weapons
 a - a +0 hand axe (weapon)
Armour
 b - a +0 robe (worn)
 g - a +0 cloak (worn)
Jewellery
 j - an amulet of guardian spirit (around neck)
Scrolls
 f - a scroll of magic mapping
 i - a scroll of identify
Potions
 c - a potion of ambrosia


   Skills:
 + Level 4.5 Fighting
 + Level 5.9 Axes
 + Level 4.3 Armour
 - Level 3.2 Dodging
 - Level 1.5 Stealth


You had 4 spell levels left.
You didn't know any spells.
Your spell library contained the following spells:

 Spells                   Type           Power      Damage    Failure   Level
 Ozocubu's Armour         Ice            0%         N/A       86%         3
 Metabolic Englaciation   Hex/Ice        0%         N/A       100%        5
 Simulacrum               Ice/Necr       0%         N/A       100%        6


Dungeon Overview and Level Annotations

Branches:
Dungeon (2/15)

Altars:


Innate Abilities, Weirdness & Mutations

You have a pair of horns on your head.
You reflexively headbutt those who attack you in melee.
You are partially covered in large bone plates. (SH +4)
You are weak. (Str -2)
Your spells are a little harder to cast, but a little more powerful.


Message History

No reachable target in view!
The hobgoblin shouts!
You hear a shout!
A gnoll comes into view.
It is wielding the +7 spear of Ashru {vorpal, Int+2}.
You hit the hobgoblin.
You kill the hobgoblin!
The gnoll hits you from afar with the +7 spear of Ashru {vorpal, Int+2}.
You see here a scroll labelled ICVIEF JUCAWO.
The gnoll hits you with the +7 spear of Ashru {vorpal, Int+2}!
You are too injured to fight recklessly!
You are too injured to fight recklessly!
You are too injured to fight recklessly!
You are too injured to fight recklessly!
You are too injured to fight recklessly!
You are too injured to fight recklessly!
You are too injured to fight recklessly!
You are too injured to fight recklessly!
You are too injured to fight recklessly!
It was a potion of mutation.
You feel extremely strange.
Large bone plates grow over parts of your arms.
You feel weaker.
You feel less in control of your magic.
The gnoll hits you with the +7 spear of Ashru {vorpal, Int+2}.
* * * LOW HITPOINT WARNING * * *
x2 It was a potion of curing.
You feel better.
The gnoll hits you with the +7 spear of Ashru {vorpal, Int+2}!
* * * LOW HITPOINT WARNING * * *
x2 It was a potion of flight.
You feel very buoyant.
You fly up into the air.
The gnoll barely misses you.
As you read the scroll labelled JAUSOE GASUMO, it crumbles to dust.
It is a scroll of identify.
f - a scroll of magic mapping You block the gnoll's attack.
You hit the gnoll but do no damage. The gnoll barely misses you.
You closely miss the gnoll. The gnoll closely misses you.
A gnoll comes into view. It is wielding a +0 quarterstaff.
You hit the gnoll.
You headbutt the gnoll, but do no damage.
The gnoll is heavily wounded.
The gnoll hits you with the +7 spear of Ashru {vorpal, Int+2}.
You die...

..###.....###..#.##
..
.###.....###...'..#.#
######'####....#....#
##.#.....#.)...#.##.#
#..#..)..#....##.# .#
...).....'...###.# #
..†#.....#..####.#
...#.....#.###.#?#
..####+######..#@#
.###.....###...'g#
###.....###....#.#
##.....###.....#..
#.....###.....##..
.....###.....###.#g
##+##### #'#####.#.
....... ........###
##.###


You could see 2 gnolls.

Vanquished Creatures
  Sigmund (D:2)
  Terence (D:2)
  A gnoll (D:2)
  3 dart slugs (D:1)
  9 bats
  2 endoplasms (D:1)
  A giant cockroach (D:1)
  7 goblins (D:1)
  4 hobgoblins
  4 jackals (D:2)
  4 kobolds
  4 ball pythons (D:1)
  3 frilled lizards
  6 rats
50 creatures vanquished.

Notes
Turn   | Place    | Note
-------+----------+-------------------------------------------
     0 | D:1      | Ijustatesigmund the Minotaur Monk began the quest for the
                  | Orb.
     0 | D:1      | Reached XP level 1. HP: 19/19 MP: 0/0
   102 | D:1      | Reached skill level 1 in Armour
   102 | D:1      | Reached XP level 2. HP: 23/27 MP: 1/1
   186 | D:1      | Reached skill level 4 in Axes
   493 | D:1      | Reached XP level 3. HP: 33/33 MP: 2/2
   809 | D:2      | Noticed Terence
   818 | D:2      | Killed Terence
   819 | D:2      | Reached XP level 4. HP: 35/41 MP: 3/3
  1017 | D:2      | Noticed Sigmund
  1035 | D:2      | Killed Sigmund
  1036 | D:2      | Reached skill level 5 in Axes
  1036 | D:2      | Reached XP level 5. HP: 18/47 MP: 2/4
  1135 | D:2      | Identified the +7 spear of Ashru {vorpal, Int+2}
  1140 | D:2      | Gained mutation: You are partially covered in large bone
                  | plates. (SH +4) [potion of mutation]
  1140 | D:2      | Gained mutation: You are weak. (Str -2) [potion of
                  | mutation]
  1140 | D:2      | Gained mutation: Your spells are a little harder to cast,
                  | but a little more powerful. [potion of mutation]
  1141 | D:2      | HP: 2/47 [gnoll/the +7 spear of Ashru {vorpal, Int+2} (3)]
  1146 | D:2      | Slain by a gnoll

Illustrated notes

Levels and vault maps discovered:
D:1:      evilmike_arrival_plus, layout_basic, chequers_garden
D:2:      layout_loops_cross, hellmonk_ecumenical_altar_leap_of_faith,
          minmay_quadrilaterals, uniq_sigmund, uniq_terence

Skill      XL: |  1  2  3  4 |
---------------+-------------+-----
Armour         | 1 2 4 |  4.3
Fighting       | 4 |  4.5
Axes           | 4 5 |  5.9
Dodging        | |  3.2
Stealth        | |  1.5

Action                   |  1- 3 |  4- 6 || total
-------------------------+-------+-------++-------
Melee: Hand axe          |    48 |    42 ||    90
       Headbutt          |     9 |    12 ||    21
  Use: Potion            |       |     3 ||     3
       Scroll            |       |     1 ||     1
 Stab: Sleeping          |     2 |       ||     2
Armor: Robe              |     7 |     3 ||    10
Dodge: Dodged            |    27 |    29 ||    56
Block: Other             |       |     1 ||     1

Table legend: (Time is in decaauts)
 A = Elapsed time spent in this place.
 B = Non-inter-level travel time spent in this place.
 C = Inter-level travel time spent in this place.
 D = Time resting spent in this place.
 E = Time spent auto-exploring this place.
 F = Levels seen in this place.
 G = Mean time per level.
                   A        B        C        D        E       F      G
               +--------+--------+--------+--------+--------+-----+--------+
         Total |   1153 |   1128 |     25 |     74 |    793 |   2 |  576.5 |
       Dungeon |   1153 |   1128 |     25 |     74 |    793 |   2 |  576.5 |
               +--------+--------+--------+--------+--------+-----+--------+

Top non-repeatable levels by time:
     D:1: 763 daAuts
     D:2: 390 daAuts
